 Dungeon Crawl Stone Soup version 0.19-a0-1886-gd64a0f0 (webtiles) character file.

67 vev the Skirmisher (level 4, 0/28 HPs)
             Began as a Tengu Abyssal Knight on Oct 16, 2016.
             Was a Believer of Lugonu.
             Slain by an adder (2 damage)
             ... on level 3 of the Dungeon.
             The game lasted 00:04:52 (2229 turns).

vev the Skirmisher (Tengu Abyssal Knight)           Turns: 2229, Time: 00:04:52

Health: 0/28       AC:  3    Str: 11 (12) XL:     4   Next: 16%
Magic:  6/6        EV: 11    Int: 10 (13) God:    Lugonu [**....]
Gold:   202        SH:  0    Dex: 11 (14) Spells: 0 memorised, 3 levels left

rFire  + . .     SeeInvis .       - Unarmed
rCold  . . .     Gourm    .     a - +0 leather armour
rNeg   . . .     Faith    .     (no shield)
rPois  .         Spirit   .     (helmet restricted)
rElec  .         Dismiss  .     (no cloak)
rCorr  .         Reflect  .     (no gloves)
MR     .....     Harm     .     (boots unavailable)
Stlth  +.........               (no amulet)
                                (no ring)
                                p - ring of protection from fire

@: lethally poisoned (0 -> -9)
A: beak, talons 3
a: Depart the Abyss, Bend Space, Renounce Religion


You were on level 3 of the Dungeon.
You worshipped Lugonu.
Lugonu was pleased with you.
You were not hungry.

You visited 1 branch of the dungeon, and saw 3 of its levels.
You visited the Abyss 1 time.

You collected 202 gold pieces.

Inventory:

Missiles
 e - 6 tomahawks (quivered)
Armour
 a - a +0 leather armour (worn)
Jewellery
 h - an uncursed ring of ice
 p - a ring of protection from fire (left hand)
Scrolls
 g - 2 scrolls of identify {unknown}
 k - a scroll of fog {unknown}
 n - 2 scrolls of noise {unknown}
 o - 2 scrolls of teleportation {unknown}
Potions
 f - a potion of cancellation {unknown}
 l - a potion of might {unknown}
 m - 2 potions of curing {unknown}
Comestibles
 b - 4 bread rations
 c - 3 fruits
 i - a royal jelly


   Skills:
 + Level 3.4 Fighting
 + Level 2.9 Armour
 + Level 1.8 Dodging
 + Level 2.9 Unarmed Combat
 + Level 2.2 Invocations


You had 3 spell levels left.
You didn't know any spells.

Dungeon Overview and Level Annotations

Branches:
Dungeon (3/15)

Altars:


Innate Abilities, Weirdness & Mutations

You have a beak for a mouth.
You have claws for feet.


Message History

It was a potion of ambrosia.
You are confused.
You feel invigorated. The adder barely misses you.
You feel sick. The adder bites you.
* * * LOW HITPOINT WARNING * * *
The adder barely misses you. The adder bites you.
* * * LOW HITPOINT WARNING * * *
You are more poisoned.
The adder poisons you!
You feel less invigorated.
You feel less confused.
* * * LOW HITPOINT WARNING * * *
You feel sick. The adder bites you.
* * * LOW HITPOINT WARNING * * *
You hit the adder.
The adder is almost dead.
* * * LOW HITPOINT WARNING * * *
You feel sick. The adder bites you.
You die...

.. .. .# . ..
.# #.# #+##.#.
.# ...
#....#.#.# #.#
.........####.#
......$.. ...#
........####..#
.....$.@...#..#
......S.#.##.<#
........#.##.##
...$....#.##.#
........#.##.#
........#....#
........######
........#


You could see an adder.

Vanquished Creatures
  2 adders (D:2)
  2 worms
  2 dart slugs
  6 giant cockroaches
  3 goblins (D:1)
  4 hobgoblins
  7 kobolds
  4 bats
  4 frilled lizards
  6 rats
40 creatures vanquished.

Notes
Turn   | Place    | Note
-------+----------+-------------------------------------------
     0 | Abyss:1  | vev the Tengu Abyssal Knight began the quest for the Orb.
     0 | Abyss:1  | Reached XP level 1. HP: 14/14 MP: 3/3
    71 | Abyss:2  | Noticed an iron imp
    80 | Abyss:2  | Noticed a crimson imp
    80 | Abyss:2  | Noticed a crimson imp
    80 | Abyss:2  | Noticed a crimson imp
    81 | Abyss:2  | Noticed a small abomination
    95 | D:1      | Escaped the Abyss
   688 | D:1      | Reached XP level 2. HP: 19/19 MP: 4/4
   733 | D:1      | Reached * piety under Lugonu
  1250 | D:1      | Reached XP level 3. HP: 21/23 MP: 5/5
  1577 | D:2      | Reached skill level 2 in Invocations
  1941 | D:2      | Reached XP level 4. HP: 25/28 MP: 6/6
  1989 | D:2      | Reached ** piety under Lugonu
  2223 | D:3      | HP: 1/28 [adder (2)]
  2229 | D:3      | HP: 2/28 [poisoned by an adder]
  2229 | D:3      | Slain by an adder

Vault maps used:
D:1:      dpeg_arrival_pits
D:2:      lemuel_upstairs_altar, minmay_octomino_c4
D:3:      uniq_terence
Abyss:2:  minivault_4, hangedman_decor_riveting, guppyfry_abyss_exit_imp_island

Skill      XL: |  1  2  3 |
---------------+----------+-----
Invocations    | 2 |  2.2
Fighting       | |  3.4
Armour         | |  2.9
Dodging        | |  1.8
Unarmed Combat | |  2.9

Action                   |  1- 3 |  4- 6 || total
-------------------------+-------+-------++-------
Melee: Unarmed           |   120 |    19 ||   139
       Peck              |    18 |     2 ||    20
       Kick              |    29 |     4 ||    33
       Punch             |       |     1 ||     1
Throw: Tomahawk          |     6 |       ||     6
Invok: Depart the Abyss  |     1 |       ||     1
  Use: Potion            |       |     2 ||     2
  Eat: Chunk             |     3 |     1 ||     4
Armor: Leather armour    |    28 |     1 ||    29
Dodge: Dodged            |    67 |    11 ||    78
